 Dungeon Sprint DCSS version 0.17-a0-1403-g9df874c (webtiles) character file.

1694 Kidiri the Covert (level 9, -3/45 HPs)
             Began as a Gargoyle Earth Elementalist on June 20, 2015.
             Was an Elder of Vehumet.
             Slain by a komodo dragon (22 damage)
             ... in the Dungeon (Sprint IX: "|||||||||||||||||||||||||||||").
             The game lasted 00:08:12 (992 turns).

Kidiri the Covert (Gargoyle Earth Elementalist)      Turns: 992, Time: 00:08:12

Health: -3/45      AC:  9    Str: 16    XL:     9   Next: 2%
Magic:  22/22      EV: 14    Int: 23    God:    Vehumet [****..]
Gold:   0          SH:  0    Dex: 11    Spells: 6 memorised, 10 levels left

rFire  . . .     SeeInvis +     p - +14 obsidian axe {chop, +Fly Str+3 SInv *Curse} (curse)
rCold  . . .     Clarity  .     b - +0 robe
rNeg   + . .     SustAt   .     (no shield)
rPois  ∞         Gourm    .     (no helmet)
rElec  +         Spirit   .     r - +0 cloak
rCorr  .         Warding  .     (no gloves)
rMut   .         NoTele   +     q - +0 pair of boots
MR     .....                    (no amulet)
Stlth  +++++.....               t - +3 ring of intelligence
                                s - +3 ring of intelligence

@: mesmerised, not resistant to hostile enchantments, quite stealthy
A: deterioration 1, negative energy resistance 1, electricity resistance, spit
poison 1, unbreathing, petrification resistance, rot immunity, AC +5
a: Spit Poison, Renounce Religion, Evoke Flight


You were in the Dungeon.
You worshipped Vehumet.
Vehumet was greatly pleased with you.
You were hungry.

You visited 1 branch

Inventory:

Hand weapons
 p - the cursed +14 obsidian axe (weapon) {chop, +Fly Str+3 SInv *Curse}
   (You found it in the Dungeon)

   It inflicts extra damage upon your enemies.
   It affects your strength (+3).
   It lets you see invisible.
   It lets you fly.
   It may re-curse itself when equipped.
   It has a curse placed upon it.
Missiles
 a - 11 stones (quivered)
 e - 4 poisoned tomahawks
Armour
 b - a +0 robe (worn)
 q - a +0 pair of boots (worn)
 r - a +0 cloak (worn)
Jewellery
 s - a +3 ring of intelligence (left hand)
 t - a +3 ring of intelligence (right hand)
Magical devices
 o - a wand of draining (7)
Scrolls
 j - 2 scrolls of blinking
 m - 3 scrolls of remove curse
 n - 2 scrolls of amnesia
 x - 2 scrolls of identify
 y - 4 scrolls of fog
Potions
 f - a potion of heal wounds
 g - 3 potions of haste
 h - 3 potions of magic
 i - 2 potions of berserk rage
 k - a potion of invisibility
 l - 4 potions of curing
 v - a potion of cure mutation
 w - a potion of might
Books
 c - a book of Geomancy

   Spells                             Type                      Level
   a - Sandblast                      Earth                        1
   b - Stoneskin                      Transmutation/Earth          2
   c - Passwall                       Transmutation/Earth          3
   d - Stone Arrow                    Conjuration/Earth            3
   e - Petrify                        Transmutation/Earth          4
   f - Lee's Rapid Deconstruction     Earth                        5
Comestibles
 d - a bread ration


   Skills:
 + Level 6.0 Axes
 + Level 5.9 Dodging
 * Level 11.9 Stealth
 * Level 9.3 Spellcasting
 + Level 2.1 Conjurations
 + Level 5.6 Transmutations
 + Level 9.2 Earth Magic


You had 10 spell levels left.
You knew the following spells:

 Your Spells              Type           Power        Failure   Level  Hunger
a - Sandblast             Erth           ######       1%          1    None
b - Stoneskin             Trmt/Erth      #####...     1%          2    None
c - Stone Arrow           Conj/Erth      #####.       1%          3    None
d - Petrify               Trmt/Erth      #####...     3%          4    ##.....
e - Lee's Rapid Deconstr  Erth           ######....   1%          5    ####...
f - Magic Dart            Conj           ###.         1%          1    None


Dungeon Overview and Level Annotations

Branches:
Dungeon (1/1)

Altars:
Cheibriados
Dithmenos
Elyvilon
Fedhas
Gozag
Kikubaaqudgha
Makhleb
Nemelex Xobeh
Okawaru
Qazlal
Ru
Sif Muna
Trog
Vehumet
Xom
Yredelemnul
Zin
The Shining One
Beogh
Jiyva
Lugonu


Innate Abilities, Weirdness & Mutations

You are resistant to torment.
Your stone body is resilient (AC +5).
You are immune to poison.
You resist negative energy.
You are resistant to electric shocks.
You can survive without breathing.
You are immune to petrification.
You are immune to rotting.
Your body sometimes deteriorates upon taking damage.
You can spit weak poison.


Message History

Magic courses through your body.
You have got your breath back.
The komodo dragon bites you but does no damage.
You hit the komodo dragon.
The komodo dragon is heavily wounded.
The komodo dragon bites you!!
You barely miss the komodo dragon.
The komodo dragon is heavily wounded.
The komodo dragon bites you but does no damage.
You barely miss the komodo dragon.
The komodo dragon is heavily wounded.
The komodo dragon barely misses you. x2
You barely miss the komodo dragon.
The komodo dragon is heavily wounded.
The komodo dragon bites you.
You slash the komodo dragon!
The komodo dragon is almost dead.
Your skin feels tender.
The komodo dragon bites you!!
You die...

▓▓▓▓▓▓▓▓▓▓▓▓▓▓▓▓▓▓▓▓▓▓▓▓▓▓▓▓▓▓▓▓▓
.'.....))....'___________________
▓▓▓▓▓▓▓▓▓▓▓▓▓▓▓▓▓▓▓▓▓▓▓▓▓▓▓▓▓▓▓▓▓
.................................
▓▓▓▓▓▓▓▓▓▓▓▓▓▓▓▓▓▓▓▓▓▓▓▓▓▓▓▓▓▓▓▓▓
...'......}.....@lDFSll.
▓▓▓▓▓▓▓▓▓▓▓▓▓▓▓▓▓▓▓▓▓▓▓▓


You could see a seven-headed hydra, 2 komodo dragons, a basilisk, a water
moccasin and a giant frog.

Vanquished Creatures
  A hill giant (D)
  An unseen horror (D)
  A yak (D)
  A water moccasin (D)
  A porcupine (D)
  A sky beast (D)
  A centaur (D)
  2 giant frogs (D)
  A wight (D)
  A jelly (D)
  A hound (D)
  A crimson imp (D)
  An adder zombie (D)
  2 orcs (D)
  A giant cockroach (D)
  A ball python zombie (D)
  2 bats (D)
  A goblin (D)
  A kobold (D)
  3 rats (D)
25 creatures vanquished.

Vanquished Creatures (others)
  A spatial maelstrom (D)
1 creature vanquished.

Grand Total: 26 creatures vanquished

Notes
Turn   | Place    | Note
--------------------------------------------------------------
     0 | D        | Kidiri the Gargoyle Earth Elementalist began the quest for the Orb.
     0 | D        | Reached XP level 1. HP: 10/10 MP: 3/3
    20 | D        | Reached skill level 4 in Earth Magic
    27 | D        | Banished a spatial maelstrom
   134 | D        | Reached XP level 2. HP: 3/15 MP: 0/5
   183 | D        | Learned a level 2 spell: Stoneskin
   388 | D        | Found a glowing silver altar of Zin.
   388 | D        | Found a glowing golden altar of the Shining One.
   388 | D        | Found an ancient bone altar of Kikubaaqudgha.
   388 | D        | Found a basalt altar of Yredelemnul.
   388 | D        | Found a shimmering altar of Xom.
   388 | D        | Found a radiant altar of Vehumet.
   389 | D        | Found an iron altar of Okawaru.
   390 | D        | Found a burning altar of Makhleb.
   391 | D        | Found a deep blue altar of Sif Muna.
   392 | D        | Found a bloodstained altar of Trog.
   393 | D        | Found a sparkling altar of Nemelex Xobeh.
   394 | D        | Found a white marble altar of Elyvilon.
   395 | D        | Found a roughly hewn altar of Beogh.
   396 | D        | Became a worshipper of Vehumet
   397 | D        | Found a viscous altar of Jiyva.
   398 | D        | Found a corrupted altar of Lugonu.
   399 | D        | Found a blossoming altar of Fedhas.
   400 | D        | Found a snail-covered altar of Cheibriados.
   401 | D        | Found a shadowy altar of Dithmenos.
   402 | D        | Found a stormy altar of Qazlal.
   403 | D        | Found an opulent altar of Gozag.
   404 | D        | Found a sacrificial altar of Ru.
   546 | D        | Noticed a giant frog
   546 | D        | Noticed a jelly
   546 | D        | Noticed a hound
   546 | D        | Noticed an unseen horror
   546 | D        | Noticed a hill giant
   548 | D        | Killed a giant frog
   548 | D        | Reached skill level 1 in Axes
   548 | D        | Reached skill level 5 in Stealth
   548 | D        | Reached skill level 1 in Transmutations
   548 | D        | Reached skill level 5 in Earth Magic
   548 | D        | Reached XP level 3. HP: 19/19 MP: 5/8
   548 | D        | Reached XP level 4. HP: 24/24 MP: 6/10
   553 | D        | Killed a jelly
   553 | D        | Acquired Vehumet's first power
   553 | D        | Offered knowledge of Freeze by Vehumet.
   553 | D        | Reached skill level 6 in Stealth
   558 | D        | Killed a hound
   558 | D        | Reached XP level 5. HP: 18/28 MP: 0/12
   560 | D        | HP: 1/28 [unseen horror (9)]
   565 | D        | Killed an unseen horror
   565 | D        | Reached skill level 9 in Stealth
   565 | D        | Reached XP level 6. HP: 25/32 MP: 3/16
   565 | D        | Reached XP level 7. HP: 28/36 MP: 3/17
   570 | D        | Killed a hill giant
   570 | D        | Reached skill level 5 in Axes
   570 | D        | Reached skill level 5 in Dodging
   570 | D        | Reached skill level 10 in Stealth
   570 | D        | Reached skill level 5 in Transmutations
   570 | D        | Reached XP level 8. HP: 21/41 MP: 7/20
   575 | D        | Learned a level 3 spell: Stone Arrow
   580 | D        | Learned a level 4 spell: Petrify
   586 | D        | Learned a level 5 spell: Lee's Rapid Deconstruction
   729 | D        | Noticed a centaur
   729 | D        | Noticed a sky beast
   729 | D        | Noticed a crimson imp
   729 | D        | Noticed a wight
   729 | D        | Noticed a giant frog
   732 | D        | Killed a centaur
   732 | D        | Offered knowledge of Magic Dart by Vehumet.
   732 | D        | Reached skill level 11 in Stealth
   734 | D        | Killed a crimson imp
   737 | D        | Killed a sky beast
   740 | D        | Killed a wight
   740 | D        | Acquired Vehumet's second power
   745 | D        | Killed a giant frog
   751 | D        | Gained mutation: You can spit weak poison. [mutagenic meat]
   753 | D        | Gained mutation: Your body sometimes deteriorates upon taking damage. [mutagenic meat]
   851 | D        | Learned a level 1 spell: Magic Dart
   963 | D        | Noticed a water moccasin
   963 | D        | Noticed a porcupine
   963 | D        | Noticed a yak
   963 | D        | Noticed a komodo dragon
   963 | D        | Noticed a giant frog
   963 | D        | Noticed a water moccasin
   966 | D        | Noticed a seven-headed hydra
   972 | D        | Killed a water moccasin
   972 | D        | Offered knowledge of Static Discharge by Vehumet.
   972 | D        | Reached skill level 1 in Conjurations
   977 | D        | Noticed a komodo dragon
   979 | D        | Noticed a basilisk
   979 | D        | Killed a porcupine
   979 | D        | Acquired Vehumet's third power
   984 | D        | Killed a yak
   984 | D        | Reached XP level 9. HP: 31/45 MP: 1/22
   992 | D        | Slain by a komodo dragon

Vault maps used:
D:        linesprint

Action                   |  1- 3 |  4- 6 |  7- 9 || total
-------------------------+-------+-------+-------++-------
Melee: Unarmed           |     7 |       |       ||     7
       Broad axe         |     2 |     7 |    25 ||    34
Throw: Tomahawk          |     1 |       |       ||     1
 Cast: Sandblast         |    12 |     8 |     1 ||    21
       Stoneskin         |     1 |       |     1 ||     2
       Stone Arrow       |       |       |    10 ||    10
       Petrify           |       |       |     3 ||     3
 Abil: Spit Poison       |       |       |     1 ||     1
  Use: Potion            |     1 |     2 |     2 ||     5
 Stab: Petrified         |       |       |     1 ||     1
       Sleeping          |       |       |     1 ||     1
  Eat: Chunk             |       |       |     3 ||     3
